 Dungeon Crawl Stone Soup version 0.31-a0-841-g038b102fc3 (webtiles) character file.

Game seed: 767587598789335260

62 Kurtz the Chopper (level 4, -4/31 HPs)
             Began as an Octopode Fighter on Sept 28, 2023.
             Slain by an orc
             ... wielding a +0 flail
              (5 damage)
             ... on level 2 of the Dungeon.
             The game lasted 00:01:05 (1417 turns).

Kurtz the Chopper (Octopode Fighter)                Turns: 1417, Time: 00:01:06

Health: -4/31      AC:  1    Str: 15    XL:     4   Next: 8%
Magic:  4/4        EV: 13    Int: 10    God:
Gold:   61         SH:  4    Dex: 13    Spells: 3/3 levels left

rFire   . . .        a - +0 war axe
rCold   . . .        b - +0 buckler
rNeg    . . .        (helmet restricted)
rPois   .            (no amulet)
rElec   .            (no ring)
rCorr   .            (no ring)
SInv    .            (no ring)
Will    .....        (no ring)
Stlth   ++           (no ring)
HPRegen 0.25/turn    (no ring)
MPRegen 0.09/turn    (no ring)
                     (no ring)

%: no passive effects
@: attractive
A: almost no armour, amphibious, 8 rings, camouflage 1, gelatinous body 1,
(nimble swimmer 1), tentacles
a: no special abilities


You were on level 2 of the Dungeon.
You visited 1 branch of the dungeon, and saw 3 of its levels.

You collected 61 gold pieces.

Inventory:

Hand Weapons
 a - a +0 war axe (weapon)
Missiles
 h - 10 poisoned darts
Armour
 b - a +0 buckler (worn)
Scrolls
 e - a scroll of fear {unknown}
 f - 7 scrolls of identify {unknown}
 g - 4 scrolls of noise {unknown}
 i - a scroll of fog {unknown}
 j - a scroll of teleportation {unknown}
 k - 2 scrolls of enchant armour {unknown}
 m - a scroll of immolation {unknown}
 n - a scroll of vulnerability {unknown}
Potions
 c - a potion of might
 d - a potion of attraction
 l - a potion of enlightenment {unknown}


   Skills:
 - Level 3.0 Fighting
 * Level 4.2 Axes
 - Level 3.0 Dodging
 - Level 3.0 Shields


You had 3 spell levels left.
You didn't know any spells.
Your spell library contained the following spells:

 Spells                   Type           Power      Damage    Failure   Level
 Kiss of Death            Conj/Necr      0%         2d5       45%         1
 Magic Dart               Conj           0%         1d3       45%         1
 Call Imp                 Summ           0%         N/A       58%         2
 Confusing Touch          Hex            0%         N/A       83%         3
 Mephitic Cloud           Conj/Pois/Air  0%         N/A       83%         3
 Dispel Undead            Necr           0%         3d6       99%         4


Dungeon Overview and Level Annotations

Branches:
Dungeon (3/15)

Altars:

Shops:
D:2 (


Innate Abilities, Weirdness & Mutations

You cannot wear most types of armour.
You are amphibious.
You can wear up to eight rings at the same time.
Your skin changes colour to match your surroundings (Stealth+).
Your rubbery body absorbs attacks. (AC +1, EV +1)
((You are camouflaged when in or above water. (Stealth+)))
You have tentacles for arms and can constrict up to eight enemies at once.


Message History

The adder hisses angrily.
You hit the rat. You grab the rat.
The rat is moderately wounded.
You constrict the rat.
You kill the rat!
The dart slug launches a dart at you. The slug dart hits you.
An adder comes into view.
You climb upwards.
There is a stone staircase leading down here.
You hit the orc. Your grab misses the orc. Your squeeze misses the orc.
The orc is heavily wounded.
The orc hits you with a +0 short sword. x2
You barely miss the orc. Your grab misses the orc. Your squeeze misses the orc.
The orc is heavily wounded.
You block the orc's attack.
You barely miss the orc. You grab the orc.
The orc is heavily wounded.
You constrict the orc. The orc hits you with a +0 short sword.
You slash the orc!
You kill the orc!
You start resting.
HP restored.
You climb downwards.
The orc barely misses you.
The orc hits you with a +0 flail of protection!
The orc hits you with a +0 flail! You block the orc's attack.
There is a stone staircase leading up, spattered with blood here.
Unknown command.
The adder bites you. The orc hits you with a +0 flail!
* * * LOW HITPOINT WARNING * * *
The orc barely misses you.
You climb upwards.
There is a stone staircase leading down here.
Unknown command.
It was a potion of attraction.
You feel attractive to monsters. The adder bites you.
* * * LOW HITPOINT WARNING * * *
The orc hits you with a +0 flail.
You die...

############
#########...........
#..............#####
#..............# #
#..............# #
##..............#####
#...............##...
#..o...............#.
#..o@)รท.........#####
##...S..........# #
#..............# #
#..............#####
#...................
#...................
#..............#....
################.###
#......


You could see an adder and 2 orcs.

Vanquished Creatures
  A worm (D:2)
  6 dart slugs
  An orc (D:2)
  3 bats (D:1)
  3 endoplasms
  4 giant cockroaches
  3 goblins
  4 hobgoblins
  2 jackals (D:2)
  3 quokkas
  3 ball pythons (D:1)
  3 frilled lizards
  2 kobolds (D:2)
  4 rats
42 creatures vanquished.

Notes
Turn   | Place    | Note
-------+----------+-------------------------------------------
     0 | D:1      | Kurtz the Octopode Fighter began the quest for the Orb.
     0 | D:1      | Reached XP level 1. HP: 16/16 MP: 1/1
   200 | D:1      | Reached XP level 2. HP: 21/21 MP: 2/2
   264 | D:1      | Reached skill level 3 in Axes
   577 | D:1      | Reached XP level 3. HP: 22/26 MP: 3/3
   784 | D:2      | Found Fudgh's Antique Weapon Shop.
  1038 | D:2      | Reached skill level 4 in Axes
  1179 | D:2      | Reached XP level 4. HP: 31/31 MP: 4/4
  1417 | D:2      | HP: 1/31 [adder (2)]
  1417 | D:2      | Slain by an orc

Illustrated notes

Levels and vault maps discovered:
D:1:      wander_arrival_abandoned_jail, layout_loops_ring, dk_noncrumbling_4
D:2:      minmay_angry_zag, layout_basic, serial_shops, shop
D:3:      layout_rooms, serial_shops, shop, minmay_goblin_kobold_house

Skill      XL: |  1  2  3 |
---------------+----------+-----
Axes           | 3 4 |  4.2
Fighting       | |  3.0
Dodging        | |  3.0
Shields        | |  3.0

Action                     |  1- 3 |  4- 6 || total
---------------------------+-------+-------++-------
  Melee: War axe           |    61 |     7 ||    68
         Constrict         |    20 |     3 ||    23
         Tentacles         |     9 |     1 ||    10
    Use: Potion            |       |     1 ||     1
   Stab: Sleeping          |     9 |       ||     9
 Armour: Skin              |    19 |    10 ||    29
  Dodge: Dodged            |    32 |     3 ||    35
  Block: Buckler           |    12 |     2 ||    14

Table legend: (Time is in decaauts)
 A = Elapsed time spent in this place.
 B = Non-inter-level travel time spent in this place.
 C = Inter-level travel time spent in this place.
 D = Time resting spent in this place.
 E = Time spent auto-exploring this place.
 F = Levels seen in this place.
 G = Mean time per level.
                   A        B        C        D        E       F      G
               +--------+--------+--------+--------+--------+-----+--------+
         Total |   1442 |   1397 |     45 |     44 |   1071 |   3 |  480.7 |
       Dungeon |   1442 |   1397 |     45 |     44 |   1071 |   3 |  480.7 |
               +--------+--------+--------+--------+--------+-----+--------+

Top non-repeatable levels by time:
     D:1: 777 daAuts
     D:2: 655 daAuts
     D:3: 9 daAuts
